 Dungeon Crawl Stone Soup version 0.27-a0-25-g087482e4d5 (webtiles) character file.

Game seed: 11918390222716428508

233 DocSulfur the Vexing (level 6, -1/32 HPs)
             Began as a Kobold Enchanter on Jan 2, 2021.
             Slain by a bullfrog (5 damage)
             ... in a sewer.
             The game lasted 00:15:46 (3103 turns).

DocSulfur the Vexing (Kobold Enchanter)             Turns: 3103, Time: 00:15:46

Health: -1/32      AC:  5    Str:  6    XL:     6   Next: 26%
Magic:  12/12      EV: 15    Int: 16    God:
Gold:   175        SH:  0    Dex: 17    Spells: 4/13 levels left

rFire    . . .     SeeInvis .   a - +1 dagger
rCold    . . .     Faith    .   (shield restricted)
rNeg     . . .     Spirit   .   b - +0 robe
rPois    +         Reflect  .   g - +0 helmet
rElec    .         Harm     .   m - +1 cloak {rPois}
rCorr    .         Rampage  .   (no gloves)
Will     .....                  (no boots)
Stlth    ++........             k - amulet of magic regeneration
HPRegen  0.10/turn              (no ring)
MPRegen  0.38/turn              (no ring)

@: lethally poisoned (-1 -> -4), very slow
A: small, nightstalker 3
a: no special abilities


You were in a sewer.
You visited 1 branch of the dungeon, and saw 3 of its levels.
You also visited: Sewer.

You collected 175 gold pieces.

Inventory:

Hand Weapons
 a - a +1 dagger (weapon)
Armour
 b - a +0 robe (worn)
 g - a +0 helmet (worn)
 j - a +0 kite shield
 m - a +1 cloak of poison resistance (worn)
Jewellery
 k - an amulet of magic regeneration (around neck)
Scrolls
 d - 3 scrolls of identify {unknown}
 f - 2 scrolls of teleportation {unknown}
 i - 2 scrolls of remove curse {unknown}
 l - 2 scrolls of enchant weapon {unknown}
 q - 4 scrolls of magic mapping {unknown}
 r - 2 scrolls of amnesia {unknown}
 s - a scroll of fog {unknown}
 x - 2 scrolls of fear {unknown}
 y - a scroll of blinking {unknown}
Potions
 c - a potion of degeneration {unknown}
 e - 2 potions of might {unknown}
 h - a potion of ambrosia {unknown}
 n - a potion of flight {unknown}
 o - a potion of mutation {unknown}
 p - a potion of resistance {unknown}
 t - a potion of magic {unknown}
 u - a potion of brilliance {unknown}
 v - a potion of curing {unknown}
 w - 2 potions of attraction {unknown}


   Skills:
 - Level 1.3 Short Blades
 - Level 2.4 Dodging
 - Level 4.0 Stealth
 + Level 4.0 Spellcasting
 + Level 4.4 Hexes
 + Level 3.0 Ice Magic


You had 4 spell levels left.
You knew the following spells:

 Your Spells              Type           Power        Failure   Level
a - Corona                Hex            18%          2%          1
b - Ensorcelled Hibernat  Hex/Ice        30%          5%          2
c - Confusing Touch       Hex            17%          9%          3
d - Tukima's Dance        Hex            17%          9%          3

Your spell library contained the following spells:

 Spells                   Type           Power        Failure   Level
 Dazzling Flash           Conj/Hex       20%          21%         3


Dungeon Overview and Level Annotations

Branches:
Dungeon (3/15)              Sewer (1/1)

Altars:
Makhleb
Qazlal
Zin

Annotations:
D:2 Robin, Terence
D:3 Sigmund


Innate Abilities, Weirdness & Mutations

You are small and have problems with some larger weapons.
You are completely attuned to the shadows.


Message History

[Y]es or [N]o only, please.
Keep disrobing? [Y]es or [N]o only, please.
Keep disrobing? [Y]es or [N]o only, please.
Keep disrobing?
You stop removing your amulet.
The bullfrog barely misses you. The ball python closely misses you.
The ball python grabs you. The ball python constricts you.
The adder bites you but does no damage. The bullfrog misses you.
Okay, then.
You escape the ball python's grasp.
You enter the shallow water.
Moving in this stuff is going to be slow.
The adder bites you but does no damage. The bullfrog hits you.
* * * LOW HITPOINT WARNING * * *
The bullfrog barely misses you. The adder closely misses you.
The bullfrog hits you.
* * * LOW HITPOINT WARNING * * *
The bullfrog hits you.
You die...

..≈.#
#..≈..##
≈≈≈≈#
#≈≈#≈≈≈#
≈≈≈≈#
#≈≈≈≈≈≈#
≈≈≈≈#
#≈≈≈≈≈≈#
≈≈≈≈#
#≈≈≈≈≈≈#
≈≈≈≈#
#≈≈≈≈SS#
≈≈≈≈#
#≈≈≈#SS#
≈≈≈≈#
#≈≈S≈FF#
≈..≈#
#≈≈≈SS@#
..≈≈#
#≈≈≈≈S≈#
..†≈#
#≈≈≈≈≈≈#
≈≈†≈#
#≈≈≈≈≈≈#
≈≈≈≈#
#≈≈≈≈≈≈#
≈≈≈≈#
#≈≈≈≈≈≈#
≈≈≈≈#
#≈≈≈≈≈≈#
≈≈≈≈#
#####≈≈≈≈≈≈#
....#
#..##......#


You could see 2 bullfrogs, 4 adders and 4 ball pythons.

Vanquished Creatures
  9 adders
  4 river rats (Sewer)
  4 oozes
  A worm (D:3)
  2 leopard geckos (D:2)
  An orc (D:3)
  6 ball pythons
  3 giant cockroaches (D:3)
  17 goblins
  7 hobgoblins
  2 quokkas
  A ball python skeleton (D:2)
  4 bats
  6 frilled lizards
  8 kobolds
  28 rats
103 creatures vanquished.

Notes
Turn   | Place    | Note
-------+----------+-------------------------------------------
     0 | D:1      | DocSulfur the Kobold Enchanter began the quest for the Orb.
     0 | D:1      | Reached XP level 1. HP: 10/10 MP: 3/3
   384 | D:1      | Reached XP level 2. HP: 15/15 MP: 3/5
   612 | D:1      | Reached skill level 1 in Ice Magic
   788 | D:1      | Reached XP level 3. HP: 16/19 MP: 5/7
   951 | D:2      | Learned a level 2 spell: Ensorcelled Hibernation
   955 | D:2      | Learned a level 3 spell: Confusing Touch
  1045 | D:2      | Found a stormy altar of Qazlal.
  1144 | D:2      | Found a burning altar of Makhleb.
  1248 | D:2      | Reached XP level 4. HP: 24/24 MP: 8/8
  1265 | D:2      | Noticed Terence
  1349 | D:2      | Noticed Robin
  1933 | D:3      | Found a glowing silver altar of Zin.
  2117 | D:3      | Noticed Sigmund
  2214 | D:3      | Reached XP level 5. HP: 28/28 MP: 6/9
  2229 | D:3      | Learned a level 3 spell: Tukima's Dance
  2464 | D:3      | Found a glowing drain.
  2508 | Sewer    | Entered a sewer
  2899 | Sewer    | Reached XP level 6. HP: 32/32 MP: 7/11
  3103 | Sewer    | Slain by a bullfrog

Illustrated notes

Levels and vault maps discovered:
D:1:      mrwooster_arrival_arrow, layout_basic
D:2:      layout_loops_ring, overflow_temple_1_default, lemuel_crystal_altar,
          minmay_tromino_v4_c, uniq_terence, uniq_robin
D:3:      layout_loops_corners, lemuel_round_altar, general_overflow_altar,
          portal_sewer_entry_b, uniq_sigmund
Sewer:    sewer_minmay_w

Skill      XL: |  1  2  3  4  5  6 |
---------------+-------------------+-----
Ice Magic      | 1 2 3 |  3.0
Spellcasting   | 3 4 |  4.0
Hexes          | 4 |  4.4
Short Blades   | |  1.3
Dodging        | |  2.4
Stealth        | |  4.0

Action                   |  1- 3 |  4- 6 || total
-------------------------+-------+-------++-------
Melee: Dagger            |    57 |   217 ||   274
 Cast: Corona            |    15 |     4 ||    19
       Ensorcelled Hiber |     5 |    18 ||    23
       Confusing Touch   |     1 |     1 ||     2
 Stab: Sleeping          |    18 |    34 ||    52
       Confused          |     1 |       ||     1
       Distracted        |       |     1 ||     1
Armor: Robe              |    13 |    46 ||    59
Dodge: Dodged            |    51 |   157 ||   208

Table legend: (Time is in decaauts)
 A = Elapsed time spent in this place.
 B = Non-inter-level travel time spent in this place.
 C = Inter-level travel time spent in this place.
 D = Time resting spent in this place.
 E = Time spent auto-exploring this place.
 F = Levels seen in this place.
 G = Mean time per level.
                   A        B        C        D        E       F      G
               +--------+--------+--------+--------+--------+-----+--------+
         Total |   3208 |   3162 |     46 |    124 |   1509 |   4 |  802.0 |
       Dungeon |   2498 |   2452 |     46 |     40 |   1434 |   3 |  832.7 |
         Sewer |    709 |    709 |      0 |     84 |     75 |   1 |  709.0 |
               +--------+--------+--------+--------+--------+-----+--------+

Top non-repeatable levels by time:
     D:2: 1002 daAuts
     D:1: 914 daAuts
   Sewer: 709 daAuts
     D:3: 582 daAuts
